 Dungeon Crawl Stone Soup version 0.28.0-53-g5a82cb258f (webtiles) character file.

Game seed: 9718205067452489850

4232 mortz the Conjurer (level 9, -5/62 HPs)
             Began as a Demigod Conjurer on June 2, 2022.
             Slain by an orc knight
             ... wielding a +0 glaive
              (24 damage)
             ... in a bailey.
             The game lasted 01:17:34 (11321 turns).

mortz the Conjurer (Demigod Conjurer)              Turns: 11321, Time: 01:17:35

Health: -5/62      AC:  9    Str:  8    XL:     9   Next: 83%
Magic:  17/22      EV: 12    Int: 32    God:
Gold:   497        SH:  0    Dex: 12    Spells: 13/21 levels left

rFire   . . .      SeeInvis .   H - +3 war axe {axe}
rCold   . . .      Faith    .   (no shield)
rNeg    . . .      Spirit   .   K - +2 robe {Will+}
rPois   +          Reflect  .   B - +0 hat of Purpose {Slay+3}
rElec   .          Harm     .   b - +1 cloak
rCorr   .          Rampage  .   v - +2 pair of gloves
Will    +....                   (no boots)
Stlth   ++........              (no amulet)
HPRegen 0.20/turn               g - ring of flight
MPRegen 0.18/turn               t - ring of poison resistance

@: flying
A: high MP 1, forlorn, divine attributes
a: no special abilities


You were in a bailey.
You visited 1 branch of the dungeon, and saw 7 of its levels.
You also visited: Ossuary and Bailey.

You collected 497 gold pieces.


Innate Abilities, Weirdness & Mutations

You have an increased reservoir of magic. (+10% MP)
You shall have no god before yourself.
Your divine heritage dramatically boosts your attributes as you level up.


   Skills:
 + Level 4.8 Armour
 - Level 2.9 Dodging
 - Level 3.0 Stealth
 * Level 6.6 Spellcasting
 * Level 7.8 Conjurations
 * Level 6.8 Translocations


You had 13 spell levels left.
You knew the following spells:

 Your Spells              Type           Power      Damage    Failure   Level
a - Magic Dart            Conj           100%       1d8       1%          1
b - Searing Ray           Conj           100%       2d8       1%          2
c - Iskenderun's Mystic   Conj/Tloc      55%        2d12      1%          4
d - Foxfire               Conj/Fire      100%       2x1d9     1%          1

Your spell library contained the following spells:

 Spells                   Type           Power      Damage    Failure   Level
 Static Discharge         Conj/Air       35%        N/A       1%          2
 Gell's Gravitas          Tloc           53%        N/A       1%          3
 Lesser Beckoning         Tloc           53%        N/A       1%          3
 Teleport Other           Tloc           53%        N/A       1%          3
 Conjure Flame            Conj/Fire      35%        6-21      2%          3
 Dazzling Flash           Conj/Hex       70%        N/A       2%          3
 Ensorcelled Hibernation  Hex/Ice        20%        N/A       7%          2
 Passwall                 Tmut/Erth      8%         N/A       7%          2
 Flame Wave               Conj/Fire      35%        2d8       9%          4
 Fulminant Prism          Conj/Hex       17%        3d11      9%          4
 Sticky Flame             Conj/Fire      35%        2d5       9%          4
 Inner Flame              Hex/Fire       10%        N/A       13%         3
 Swiftness                Air            10%        N/A       13%         3
 Dispel Undead            Necr           10%        3d9       41%         4
 Petrify                  Tmut/Erth      10%        N/A       41%         4
 Metabolic Englaciation   Hex/Ice        5%         N/A       77%         5
 Statue Form              Tmut/Erth      6%         N/A       100%        6

Inventory:

Hand Weapons
 c - a +1 dagger of venom {short}
   (You took it off an orc wizard on level 4 of the Dungeon)
 e - a +0 mace {mace}
   (You found it on level 1 of the Dungeon)
 F - a +3 short sword {short}
   (You took it off a wight on level 6 of the Dungeon)
 G - a +3 morningstar {mace}
   (You took it off a wight on level 6 of the Dungeon)
 H - a +3 war axe (weapon) {axe}
   (You took it off a wight on level 6 of the Dungeon)
 I - a +3 great sword {long}
   (You took it off a wight on level 6 of the Dungeon)
Armour
 a - a +0 robe
 b - a +1 cloak (worn)
   (You found it on level 1 of the Dungeon)
 u - a +0 leather armour
   (You took it off an orc on level 4 of the Dungeon)
 v - a +2 pair of gloves (worn)
   (You found it on level 4 of the Dungeon)
 y - a +3 ring mail
   (You found it on level 5 of the Dungeon)
 B - the +0 hat of Purpose (worn) {Slay+3}
   (You found it on level 5 of the Dungeon)

   Slay:      It affects your accuracy & damage with ranged weapons and melee
   (+3).
 K - a +2 robe of willpower (worn)
   (You took it off an orc wizard on level 7 of the Dungeon)
Jewellery
 g - a ring of flight (left hand)
   (You found it on level 1 of the Dungeon)
 p - a +6 ring of dexterity
   (You found it on level 4 of the Dungeon)
 t - a ring of poison resistance (right hand)
   (You found it on level 4 of the Dungeon)
Wands
 q - a wand of paralysis (7)
   (You found it on level 4 of the Dungeon)
Scrolls
 d - a scroll of vulnerability {unknown}
 h - 5 scrolls of enchant armour
 j - a scroll of silence {unknown}
 n - a scroll of teleportation {@r4}
 r - a scroll of fear
 s - 6 scrolls of enchant weapon
 w - 3 scrolls of magic mapping {!r}
 D - 2 scrolls of amnesia
Potions
 f - 3 potions of cancellation
 i - a potion of experience {unknown}
 k - a potion of invisibility {unknown}
 l - 4 potions of haste {@q3}
 m - a potion of brilliance {unknown}
 o - 2 potions of mutation {unknown}
 x - 3 potions of flight
 z - a potion of ambrosia {unknown}
 A - a potion of degeneration {unknown}
 C - 4 potions of curing {@q1}
 E - a potion of resistance {unknown}
 J - a potion of heal wounds {unknown}
 L - 3 potions of might

Dungeon Overview and Level Annotations

Branches:
Dungeon (7/15)             Temple (0/1) D:5         Ossuary (visited)
 Bailey (1/1)

Shops:
D:6 *

Portals:
Abyss: D:3

Annotations:
D:3 2 transporters, Havoc's ghost, amateur DrEE
D:4 3 runed translucent doors, pkoi's ghost, amateur DgIE

##### ############
....## ##...)@.).∩.##
.....######.....#......#
.##..#....#)..o###.....#
..8..').))).....8.....∩#
)##..#....#....###.....#
.....######.....#......#
)...## ##....)...∩.##
##### ############


You could see an orc knight.


Message History

😕 HP[-15] MP[-4]
You take 15 damage, and now have 47/62 hp.
MASSIVE DAMAGE!! (PAUSE)
You lost 4 mp, and now have 18/22 mp.
Casting: Iskenderun's Mystic Blast (dangerous; 1% risk of failure)
Confirm with . or Enter, or press ? or * to list all spells.
You erupt in a blast of force!
The mystic blast hits the orc knight but does no damage.
The orc knight hits you from afar with a +0 glaive! 😮 HP[-11] MP[-4]
You take 11 damage, and now have 36/62 hp.
You lost 4 mp, and now have 14/22 mp.
Casting: Iskenderun's Mystic Blast (dangerous; 1% risk of failure)
Confirm with . or Enter, or press ? or * to list all spells.
You erupt in a blast of force!
The mystic blast hits the orc knight!
The orc knight is knocked back by the mystic blast.
The orc knight slams into the stone wall! 😮 MP[-4]
You lost 4 mp, and now have 10/22 mp.
Casting: Iskenderun's Mystic Blast (dangerous; 1% risk of failure)
Confirm with . or Enter, or press ? or * to list all spells.
You erupt in a blast of force!
The mystic blast hits the orc knight!
The orc knight is knocked back by the mystic blast. 😮 MP[-4]
You lost 4 mp, and now have 6/22 mp. 😮 MP[+1]
Casting: Iskenderun's Mystic Blast (dangerous; 1% risk of failure)
Confirm with . or Enter, or press ? or * to list all spells.
You erupt in a blast of force!
The mystic blast hits the orc knight!
The orc knight is knocked back by the mystic blast.
The orc knight slams into the stone wall! 😮 HP[+1] MP[-4]
You lost 4 mp, and now have 3/22 mp.
Items here: )))) [[. 😮 MP[+1] 😮 HP[+1]
Items here: ))) [[. 😮 HP[+1] MP[+1]
The orc knight hits you from afar with a +0 glaive!
* * * LOW HITPOINT WARNING * * *
😨 HP[-17]
You take 17 damage, and now have 22/62 hp.
MASSIVE DAMAGE!! (PAUSE)
Casting: Iskenderun's Mystic Blast (dangerous; 1% risk of failure)
Confirm with . or Enter, or press ? or * to list all spells.
You erupt in a blast of force!
The mystic blast hits the orc knight but does no damage.
The orc knight hits you from afar with a +0 glaive!!
* * * LOW HITPOINT WARNING * * *
😱 HP[-21] MP[-4]
You take 21 damage, and now have 1/62 hp.
MASSIVE DAMAGE!! (PAUSE)
You lost 4 mp, and now have 1/22 mp. 😱 HP[+1] MP[+1]
Items here: )))) [[. 😱 HP[+1] 😱 MP[+1]
Items here: ))) [[. 😱 HP[+1] 😱 MP[+1]
Items here: )))) [[. 😱 HP[+1] 😱 MP[+1]
Items here: ))) [[. 😱 HP[+1] 😱 MP[+1] 😱 HP[+1]
Items here: )))) [[. 😱 MP[+1] 😱 HP[+1]
Items here: ))) [[. 😱 MP[+1] 😱 HP[+1]
Items here: )))) [[. 😱 MP[+1] 😱 HP[+1]
Items here: ))) [[. 😱 HP[+1] MP[+1]
Items here: )))) [[. 😱 HP[+1] MP[+1] 😱 HP[+1]
Items here: ))) [[. 😱 MP[+1] 😱 HP[+1] 😱 MP[+1]
Items here: )))) [[. 😱 HP[+1] 😱 MP[+1]
Items here: ))) [[. 😨 HP[+1] 😨 MP[+1]
Items here: )))) [[. 😨 HP[+1] 😨 MP[+1]
Items here: ))) [[. 😨 HP[+1] 😨 MP[+1] 😨 HP[+1]
The orc knight hits you from afar with a +0 glaive!!
You die...

Skill      XL: |  1  2  3  4  5  6  7  8  9 |
---------------+----------------------------+-----
Spellcasting   | 2 3 4 5 6 |  6.6
Stealth        | 2 3 |  3.0
Dodging        | 2 |  2.9
Translocations | 1 2 3 4 5 6 |  6.8
Armour         | 1 2 3 4 |  4.8
Conjurations   | 4 5 6 7 |  7.8

Action                   |  1- 3 |  4- 6 |  7- 9 || total
-------------------------+-------+-------+-------++-------
Melee: Dagger            |     5 |       |     1 ||     6
       Short sword       |       |     1 |       ||     1
 Cast: Magic Dart        |    46 |    40 |   126 ||   212
       Searing Ray       |    18 |    35 |   106 ||   159
       Foxfire           |       |     7 |    10 ||    17
       Iskenderun's Myst |       |       |    19 ||    19
Evoke: Wand              |       |       |     3 ||     3
  Use: Scroll            |       |     1 |     7 ||     8
       Potion            |       |     1 |       ||     1
Armor: Robe              |     1 |     4 |     5 ||    10
       Leather armour    |       |       |    13 ||    13
Dodge: Dodged            |     7 |    16 |    40 ||    63

Levels and vault maps discovered:
D:1:      amcnicky_arrival_wind_blow, layout_loops_cross,
          shapermc_ecumenical_altar_mp_urbaneastern, minmay_misc_feat_square
D:2:      layout_basic, basic_altar, minmay_misc_feat_chi,
          minmay_misc_feat_pillars, corexii_corridor_pit
D:3:      layout_loops_ring, gammafunk_ghost_abyssal_escape,
          serial_bayou_lagoon_a
D:4:      layout_loops_corners, ebering_ghost_gozag, portal_sewer_entry_d,
          guppyfry_early_orc_mine
D:5:      layout_rooms, minmay_temple_entry_purple_smoke
D:6:      layout_loops_ring, mainiacjoe_overflow_tiny_flanked,
          nicolae_ossuary_entry_plus, nicolae_shop_sticking_my_neck_out
D:7:      layout_rooms, mainiacjoe_overflow_six_doors_small, zin_angel,
          enter_bailey_2, uniq_maggie
Bailey:   bailey_polearm_5, bailey

Notes
Turn   | Place    | Note
-------+----------+-------------------------------------------
     0 | D:1      | mortz the Demigod Conjurer began the quest for the Orb.
     0 | D:1      | Reached XP level 1. HP: 14/14 MP: 5/5
     0 | D:1      | magus.rc [v1.9.6]
   219 | D:1      | Reached XP level 2. HP: 20/20 MP: 2/7
   222 | D:1      | Learned a level 2 spell: Searing Ray
   352 | D:1      | Reached skill level 2 in Spellcasting
   497 | D:1      | Reached skill level 2 in Stealth
   641 | D:1      | Reached skill level 2 in Dodging
  1131 | D:2      | Reached skill level 1 in Translocations
  1131 | D:2      | Reached XP level 3. HP: 26/26 MP: 0/8
  1665 | D:2      | Reached skill level 1 in Armour
  1770 | D:2      | Reached skill level 4 in Conjurations
  1795 | D:2      | Reached XP level 4. HP: 21/33 MP: 1/10
  1951 | D:2      | You pick up a book of Flames and begin reading...
  1951 | D:2      | You add the spells Foxfire, Conjure Flame, Inner Flame and
                  | Flame Wave to your library.
  2568 | D:3      | Found a transporter.
  2577 | D:3      | Found a transporter.
  2580 | D:3      | Noticed Havoc's ghost (amateur DrEE)
  2641 | D:3      | Found a one-way gate to the infinite horrors of the Abyss.
  3386 | D:4      | Reached skill level 2 in Translocations
  3388 | D:4      | Noticed a phantom
  3461 | D:4      | Reached XP level 5. HP: 28/38 MP: 4/11
  3958 | D:4      | Noticed an orc warrior
  3963 | D:4      | magus.rc [v1.9.6]
  3969 | D:4      | Reached XP level 6. HP: 45/45 MP: 5/13
  4030 | D:3      | Learned a level 4 spell: Iskenderun's Mystic Blast
  4032 | D:3      | Learned a level 1 spell: Foxfire
  4064 | D:4      | Reached skill level 3 in Spellcasting
  4093 | D:3      | HP: 3/45 [orc warrior/+0 dire flail (18)]
  4094 | D:3      | HP: 1/45 [orc warrior/+0 dire flail (11)]
  4388 | D:2      | magus.rc [v1.9.6]
  4626 | D:4      | Reached skill level 3 in Translocations
  4694 | D:4      | You pick up a book of Sloth and begin reading...
  4694 | D:4      | You add the spells Petrify, Metabolic Englaciation and
                  | Statue Form to your library.
  4758 | D:4      | Reached skill level 2 in Armour
  4759 | D:4      | Reached skill level 3 in Stealth
  4932 | D:4      | Found a runed translucent gate.
  4932 | D:4      | Found a runed translucent gate.
  4933 | D:4      | Found a runed translucent gate.
  4936 | D:4      | Noticed pkoi's ghost (amateur DgIE)
  4960 | D:4      | Reached XP level 7. HP: 50/50 MP: 7/15
  5059 | D:3      | HP: 9/50 [orc warrior/+0 scimitar (11)]
  5583 | D:4      | Reached skill level 5 in Conjurations
  6051 | D:5      | Entered Level 5 of the Dungeon
  6378 | D:5      | Reached skill level 4 in Spellcasting
  6462 | D:5      | Reached skill level 4 in Translocations
  6616 | D:5      | You pick up a book of Touch and begin reading...
  6616 | D:5      | You add the spells Static Discharge, Sticky Flame and
                  | Dispel Undead to your library.
  6681 | D:5      | Found a staircase to the Ecumenical Temple.
  6722 | D:5      | Reached XP level 8. HP: 57/57 MP: 8/17
  6876 | D:5      | Identified the +0 hat of Purpose {Slay+3}
  6953 | D:6      | Reached skill level 3 in Armour
  7183 | D:6      | Reached skill level 6 in Conjurations
  7230 | D:6      | Found a sand-covered staircase.
  7236 | Ossuary  | Entered an ossuary
  8464 | D:6      | Reached skill level 5 in Spellcasting
  8464 | D:6      | Reached skill level 5 in Translocations
  8739 | D:6      | You pick up a book of Displacement and begin reading...
  8739 | D:6      | You add the spells Lesser Beckoning, Gell's Gravitas and
                  | Teleport Other to your library.
  8867 | D:6      | You pick up a book of Burglary and begin reading...
  8867 | D:6      | You add the spells Passwall, Ensorcelled Hibernation and
                  | Swiftness to your library.
  9119 | D:6      | Found Uruuwesu's Neck Hole.
  9401 | D:6      | Reached XP level 9. HP: 33/62 MP: 8/21
  9689 | D:6      | magus.rc [v1.9.6]
  9867 | D:7      | Found a flagged portal.
  9872 | D:7      | Reached skill level 4 in Armour
  9875 | D:7      | Reached skill level 7 in Conjurations
  9923 | Bailey   | Entered a bailey
 10043 | Bailey   | Reached skill level 6 in Translocations
 10051 | Bailey   | Reached skill level 6 in Spellcasting
 10226 | Bailey   | Noticed an orc knight
 10717 | Bailey   | Killed an orc knight
 11082 | Bailey   | Noticed an orc knight
 11099 | Bailey   | Noticed an orc knight
 11103 | Bailey   | Killed an orc knight
 11234 | Bailey   | HP: 1/62 [orc knight/+0 glaive (21)]
 11321 | Bailey   | Slain by an orc knight

Vanquished Creatures
  2 orc knights (Bailey)
  2 water moccasins
  8 orc warriors
  2 sky beasts
  2 ogres
  A necrophage (D:6)
  A centaur (D:5)
  A phantom (D:4)
  A kobold brigand (D:6)
  2 bullfrogs (D:7)
  An elf zombie (Ossuary)
  2 scorpions (D:5)
  A water moccasin zombie (D:5)
  4 wights (D:6)
  2 bullfrog zombies
  A human zombie (Ossuary)
  A centaur zombie (Ossuary)
  3 bullfrog skeletons (D:6)
  7 hounds
  A jelly (D:6)
  3 orc priests
  A centaur skeleton (D:5)
  2 iguanas (D:4)
  7 orc wizards
  A killer bee zombie (D:6)
  2 hound zombies (Ossuary)
  2 hound skeletons
  3 mummies (Ossuary)
  6 adders
  An ufetubus (D:3)
  An adder skeleton (D:4)
  4 adder zombies (Ossuary)
  2 worms (D:2)
  4 dart slugs
  39 orcs
  7 ball pythons
  7 endoplasms
  3 giant cockroaches
  3 gnoll zombies (Ossuary)
  6 goblins
  7 hobgoblins
  3 jackals (D:5)
  12 kobolds
  5 quokkas
  5 bats
  2 frilled lizards (D:3)
  5 goblin zombies (Ossuary)
  7 hobgoblin zombies (Ossuary)
  4 jackal zombies (Ossuary)
  4 kobold zombies (Ossuary)
  A quokka skeleton (D:4)
  A quokka zombie (Ossuary)
  8 rats
  A rat zombie (Ossuary)
214 creatures vanquished.

Vanquished Creatures (others)
  26 foxfires
  12 plants (D:3)
38 creatures vanquished.

Grand Total: 252 creatures vanquished

Table legend:
 A = Non-vault XP
 B = Vault XP
 C = Vault XP percentage of total XP
 D = Non-vault monster count
 E = Vault monster count
 F = Vault count percentage of total count
                 A         B        C        D         E       F
            +---------+---------+-------+---------+---------+-------
      Total |    3197 |    2850 |  47.1 |     139 |      75 |  35.0
            +---------+---------+-------+---------+---------+-------
        D:1 |      42 |       0 |   0.0 |      24 |       0 |   0.0
        D:2 |      84 |       0 |   0.0 |      20 |       0 |   0.0
        D:3 |      45 |     136 |  75.1 |      21 |       1 |   4.5
        D:4 |     587 |     101 |  14.7 |      25 |       7 |  21.9
        D:5 |     824 |       0 |   0.0 |      19 |       0 |   0.0
        D:6 |    1204 |       0 |   0.0 |      22 |       0 |   0.0
        D:7 |     411 |       0 |   0.0 |       8 |       0 |   0.0
    Ossuary |       0 |     323 | 100.0 |       0 |      37 | 100.0
     Bailey |       0 |    2290 | 100.0 |       0 |      30 | 100.0
            +---------+---------+-------+---------+---------+-------

Illustrated notes

Table legend:
 A = Kills in this place as a percentage of kills in entire the game.
 B = Kills by you in this place as a percentage of kills by you in the entire game.
 C = Kills by friends in this place as a percentage of kills by friends in the entire game.
 D = Other kills in this place as a percentage of other kills in the entire game.
 E = Experience gained in this place as a percentage of experience gained in the entire game.
 F = Experience gained in this place divided by the number of levels of this place that you have seen.
                   A       B       C       D       E      F
               +-------+-------+-------+-------+-------+----------------------
         Total | 100.0 | 100.0 |   N/A |   N/A | 100.0 | 671.9
       Dungeon |  68.7 |  68.7 |   N/A |   N/A |  56.8 | 490.6
       Ossuary |  17.3 |  17.3 |   N/A |   N/A |   5.3 | 323.0
        Bailey |  14.0 |  14.0 |   N/A |   N/A |  37.9 | 2290.0
               +-------+-------+-------+-------+-------+----------------------

Table legend: (Time is in decaauts)
 A = Elapsed time spent in this place.
 B = Non-inter-level travel time spent in this place.
 C = Inter-level travel time spent in this place.
 D = Time resting spent in this place.
 E = Time spent auto-exploring this place.
 F = Levels seen in this place.
 G = Mean time per level.
                   A        B        C        D        E       F      G
               +--------+--------+--------+--------+--------+-----+--------+
         Total |  11325 |  11049 |    276 |   3166 |   4921 |   9 | 1258.3 |
       Dungeon |   8706 |   8430 |    276 |   1928 |   4921 |   7 | 1243.7 |
       Ossuary |   1221 |   1221 |      0 |    657 |      0 |   1 | 1221.0 |
        Bailey |   1397 |   1397 |      0 |    581 |      0 |   1 | 1397.0 |
               +--------+--------+--------+--------+--------+-----+--------+

Top non-repeatable levels by time:
     D:4: 1788 daAuts
     D:2: 1697 daAuts
     D:6: 1607 daAuts
  Bailey: 1397 daAuts
     D:3: 1394 daAuts
     D:1: 1225 daAuts
 Ossuary: 1221 daAuts
     D:5: 846 daAuts
     D:7: 146 daAuts
